 Dungeon Crawl Stone Soup version 0.28.0 (webtiles) character file.

Game seed: 319678369386840410

4524 RighteousDevil the Severer (level 10, 0/72 (84) HPs)
             Began as a Hill Orc Fighter on Feb 7, 2022.
             Was a Follower of Beogh.
             Slain by a freezing wraith (11 damage)
             ... on level 9 of the Dungeon.
             The game lasted 00:18:20 (10479 turns).

RighteousDevil the Severer (Hill Orc Fighter)      Turns: 10479, Time: 00:18:20

HP:   0/72 (84)     AC: 12    Str: 24    XL:     10   Next: 39%
MP:   14/14         EV: 10    Int:  8    God:    Beogh [*.....]
Gold: 271           SH:  9    Dex: 10    Spells: 9/9 levels left

rFire   . . .      SeeInvis .   a - +3 war axe
rCold   . . .      Faith    .   c - +0 buckler
rNeg    . . .      Spirit   .   A - +0 acid dragon scales
rPois   .          Reflect  +   h - +1 helmet
rElec   +          Harm     .   o - +0 cloak
rCorr   +          Rampage  .   q - +0 pair of gloves
Will    .....                   (no boots)
Stlth   +.........              f - amulet of reflection
HPRegen 0.22/turn               (no ring)
MPRegen 0.14/turn               (no ring)

@: hasted and slowed, heavily drained
A: electricity resistance, wild magic 1
a: Renounce Religion


You were on level 9 of the Dungeon.
You worshipped Beogh.
Beogh was aware of your devotion.
You visited 2 branches of the dungeon, and saw 10 of its levels.

You collected 454 gold pieces.
You spent 183 gold pieces at shops.

Inventory:

Hand Weapons
 a - a +3 war axe (weapon)
 b - the +3 morningstar of the Evil Eye {venom, rF- rCorr MP+9}
   (You found it on level 8 of the Dungeon)

   It poisons the flesh of those it strikes.
   rF:        It makes you vulnerable to fire.
   MP:        It affects your magic capacity (+9).
   rCorr:     It protects you from acid and corrosion.
Missiles
 m - 3 curare-tipped darts (quivered)
Armour
 c - a +0 buckler (worn)
 h - a +1 helmet (worn)
 o - a +0 cloak (worn)
 q - a +0 pair of gloves (worn)
 u - a +1 scale mail of willpower
 A - +0 acid dragon scales (worn)
Jewellery
 f - an amulet of reflection (around neck)
 s - a ring of fire
Wands
 i - a wand of mindburst (16)
 n - a wand of flame (8)
 t - a wand of digging (3)
 x - a wand of iceblast (8)
Scrolls
 d - a scroll of teleportation
 g - a scroll of fog
 j - a scroll of blinking
 k - 2 scrolls of magic mapping
 y - 2 scrolls of fear
 z - a scroll of identify
Potions
 e - a potion of cancellation
 p - a potion of brilliance
 r - a potion of flight
 v - a potion of berserk rage
Miscellaneous
 l - a tin of tremorstones (2/2)


   Skills:
 + Level 6.6 Fighting
 - Level 16.0 Axes
 + Level 6.2 Armour
 - Level 4.0 Shields
 + Level 5.4 Invocations


You had 9 spell levels left.
You didn't know any spells.
Your spell library contained the following spells:

 Spells                   Type           Power      Damage    Failure   Level
 Magic Dart               Conj           0%         1d3       65%         1
 Blink                    Tloc           0%         N/A       78%         2
 Ensorcelled Hibernation  Hex/Ice        0%         N/A       78%         2
 Searing Ray              Conj           0%         2d4       78%         2
 Spider Form              Tmut/Pois      0%         N/A       94%         3
 Anguish                  Hex/Necr       0%         N/A       100%        4
 Fulminant Prism          Conj/Hex       0%         3d6       100%        4
 Manifold Assault         Tloc           0%         N/A       100%        5
 Storm Form               Tmut/Air       0%         N/A       100%        7


Dungeon Overview and Level Annotations

Branches:
Dungeon (9/15)             Temple (1/1) D:5
   Lair: D:8-11         Orc: D:9-12

Altars:
Ashenzari
Cheibriados
Dithmenos
Elyvilon
Fedhas
Gozag
Hepliaklqana
Kikubaaqudgha
Makhleb
Nemelex Xobeh
Okawaru
Qazlal
Ru
Sif Muna
Trog
Uskayaw
Vehumet
Wu Jian
Xom
Yredelemnul
Zin
The Shining One
Beogh

Shops:
D:2 [=[=?   D:6 *   D:7 =


Innate Abilities, Weirdness & Mutations

You are resistant to electric shocks. (rElec)
Your spells are a little harder to cast, but a little more powerful.


Message History

Things that are here:
a +0 mace of protection; an orc corpse
Items here: ! ( ) [.
You see here a +0 whip.
x - a wand of iceblast (8) (gained 4 charges)
You now have 254 gold pieces (gained 13).
Items here: (( )))) รทรทรท.
Things that are here:
a +0 short sword; a +0 robe
Found a leather armour.
Found 11 sling bullets.
z - a scroll of identify You now have 271 gold pieces (gained 17).
Found a short sword.
Found a stone staircase leading down.
Found a hunting sling.
Found a chain mail.
There is a stone staircase leading down here.
A freezing wraith comes into view.
The freezing wraith hits you! The freezing wraith freezes you!!
The freezing wraith hits you. The freezing wraith drains your vigour!
You feel yourself slow down.
You slash the freezing wraith!
The freezing wraith is moderately damaged.
You block the freezing wraith's attack. The freezing wraith hits you.
The freezing wraith drains your vigour!
You feel as though you will be slow longer.
You are too injured to fight recklessly!
You are too injured to fight recklessly!
Unknown command.
You block the freezing wraith's attack. The freezing wraith hits you.
The freezing wraith drains your vigour!
You feel as though you will be slow longer.
The freezing wraith hits you. The freezing wraith freezes you!!
* * * LOW HITPOINT WARNING * * *
You block the freezing wraith's attack.
You feel yourself speed up. The freezing wraith hits you.
* * * LOW HITPOINT WARNING * * *
The freezing wraith freezes you!
You die...

. .. #.. .###..
####################.##(.
#..........)..>...##..#..
#........#........##.....
#......W@#........##.....
########..>..............
##................
###............###.
##...###.....#.## ##
#[.........#.#.# #
#########.)....#####
###### ##........##
###....### #....###.#.


You could see a freezing wraith.

Vanquished Creatures
  Maurice (D:8)
  Grinder (D:6)
  A wyvern (D:4)
  6 yaks (D:9)
  An acid dragon (D:8)
  A water moccasin (D:6)
  An ice beast (D:8)
  An orc warrior (D:8)
  2 necrophages
  2 sky beasts (D:6)
  3 centaurs
  An ogre (D:5)
  3 kobold brigands
  2 bullfrogs
  A scorpion (D:6)
  4 killer bees
  5 wights (D:9)
  A bullfrog zombie (D:5)
  4 hounds
  A gnoll shaman (D:5)
  4 jellies
  4 orc priests
  3 centaur skeletons
  3 iguanas
  A bullfrog skeleton (D:6)
  Natasha (thrice) (D:3)
  6 orc wizards
  A hound zombie (D:3)
  3 hound skeletons
  3 gnolls (D:5)
  5 adders
  2 white imps
  An ufetubus (D:6)
  2 adder skeletons
  A worm (D:2)
  4 dart slugs
  16 orcs
  4 endoplasms
  A giant cockroach (D:2)
  12 goblins
  6 hobgoblins
  28 kobolds
  A quokka (D:1)
  6 ball pythons
  A ball python skeleton (D:3)
  A ball python zombie (D:3)
  4 bats
  4 frilled lizards
  A jackal zombie (D:3)
  3 rats
176 creatures vanquished.

Vanquished Creatures (others)
  2 orc priests (D:6)
  An adder (D:6)
  A withered plant (D:3)
4 creatures vanquished.

Grand Total: 180 creatures vanquished

Notes
Turn   | Place    | Note
-------+----------+-------------------------------------------
     0 | D:1      | RighteousDevil the Hill Orc Fighter began the quest for the
                  | Orb.
     0 | D:1      | Reached XP level 1. HP: 19/19 MP: 1/1
   156 | D:1      | Reached skill level 3 in Axes
   189 | D:1      | Reached XP level 2. HP: 27/27 MP: 2/2
   792 | D:1      | Reached XP level 3. HP: 27/33 MP: 3/3
   920 | D:2      | Found Zaakh's Jewellery Boutique.
   958 | D:2      | Found Amais's Jewellery Shoppe.
  1287 | D:2      | Found Diupinaf's Antique Armour Shop.
  1330 | D:2      | Reached skill level 4 in Axes
  1455 | D:2      | Found Qoarei's Magic Scroll Shoppe.
  1513 | D:2      | Bought a scroll of identify for 22 gold pieces
  1522 | D:2      | Found Lumontap's Antique Armour Shoppe.
  1560 | D:2      | Reached XP level 4. HP: 40/40 MP: 4/4
  1650 | D:2      | Found a faded altar of an unknown god.
  1844 | D:3      | Reached skill level 5 in Axes
  1887 | D:3      | Reached XP level 5. HP: 46/46 MP: 5/5
  1948 | D:3      | Noticed Natasha
  1954 | D:3      | Killed Natasha
  1955 | D:3      | Reached skill level 6 in Axes
  2000 | D:3      | Noticed Natasha
  2007 | D:3      | Killed Natasha
  2092 | D:3      | Noticed Natasha
  2100 | D:3      | Killed Natasha
  2101 | D:3      | Reached XP level 6. HP: 42/52 MP: 6/6
  2160 | D:3      | Found a sparkling altar of Nemelex Xobeh.
  2178 | D:3      | You fall into a shaft and drop 1 floor!
  2379 | D:4      | Reached skill level 7 in Axes
  2494 | D:4      | Noticed a wyvern
  2501 | D:4      | Killed a wyvern
  2502 | D:4      | Reached skill level 8 in Axes
  2816 | D:4      | Reached XP level 7. HP: 59/59 MP: 7/7
  2962 | D:4      | Identified the +3 falchion "Geerawijut" {holy, rC- Int+4
                  | Dex+4 SInv}
  3217 | D:5      | Entered Level 5 of the Dungeon
  3235 | D:5      | Reached skill level 9 in Axes
  3744 | D:5      | Reached skill level 10 in Axes
  3907 | D:5      | Found a glowing silver altar of Zin.
  3908 | D:5      | Found an ornate altar of the Wu Jian Council.
  3908 | D:5      | Found an ancient bone altar of Kikubaaqudgha.
  4555 | D:5      | Found a staircase to the Ecumenical Temple.
  4658 | D:5      | Reached XP level 8. HP: 55/66 MP: 8/8
  4802 | Temple   | Entered the Ecumenical Temple
  5014 | D:5      | Reached skill level 11 in Axes
  5419 | D:6      | Noticed a troll
  6082 | D:4      | Gained mutation: Your spells are a little harder to cast,
                  | but a little more powerful. [potion of mutation]
  6082 | D:4      | Gained mutation: You are resistant to electric shocks.
                  | (rElec) [potion of mutation]
  6200 | D:6      | Became a worshipper of Beogh the Brigand
  6436 | D:6      | Reached skill level 12 in Axes
  6663 | D:6      | Found Pytzaotu's Gadget Gallery.
  6846 | D:6      | Reached skill level 13 in Axes
  7098 | D:6      | Noticed Grinder
  7133 | D:6      | Killed Grinder
  7134 | D:6      | Reached skill level 14 in Axes
  7134 | D:6      | Reached XP level 9. HP: 48/71 MP: 9/9
  7467 | D:7      | Found Daiwn's Jewellery Shoppe.
  7800 | D:7      | Found a roughly hewn altar of Beogh.
  8455 | D:8      | Reached skill level 15 in Axes
  8668 | D:2      | Bought a shiny scale mail for 161 gold pieces
  8865 | D:8      | Noticed Maurice
  8908 | D:8      | Killed Maurice
  9018 | D:8      | Found a shimmering blue altar of Sif Muna.
  9166 | D:8      | Reached skill level 16 in Axes
  9168 | D:8      | Reached * piety under Beogh
  9180 | D:8      | Reached skill level 1 in Invocations
  9289 | D:8      | Found an iron altar of Okawaru.
  9325 | D:8      | Identified the +3 morningstar of the Evil Eye {venom, rF-
                  | rCorr MP+9}
  9950 | D:9      | Reached skill level 5 in Fighting
  9956 | D:9      | Reached skill level 5 in Armour
  9956 | D:9      | Reached XP level 10. HP: 78/81 MP: 12/12
 10096 | D:9      | Reached skill level 5 in Invocations
 10479 | D:9      | Slain by a freezing wraith

Illustrated notes

Levels and vault maps discovered:
D:1:      dpeg_arrival_rooms_c, layout_basic
D:2:      layout_rooms, chequers_ecumenical_altar_lobes, serial_shops, shop,
          shop, nicolae_shop_statue_plus, nicolae_square_shop, shop,
          minmay_pentomino_u4
D:3:      layout_rooms, mainiacjoe_overflow_surrounded_room, serial_undead,
          serial_undead_e, serial_undead_a, serial_undead_d, serial_undead_a,
          serial_undead_b, serial_undead_f, uniq_natasha
D:4:      layout_rooms
D:5:      layout_loops_ring, grunt_temple_overflow_open, temple_hall
D:6:      layout_basic, nicolae_shop_gadgets, uniq_grinder
D:7:      layout_loops_ring, nicolae_stop_n_shop_1, david_defended_altar_orc
D:8:      layout_loops_ring, mainiacjoe_overflow_catwalk,
          mainiacjoe_overflow_cross_hatched, grunt_ministairs_13, uniq_maurice
D:9:      layout_rooms, erik_orc_3, minmay_holes, hangedman_decor_opposing,
          uniq_gastronok
Temple:   regret_index_temple_sphere_string

Skill      XL: |  1  2  3  4  5  6  7  8  9 10 |
---------------+-------------------------------+-----
Axes           | 3 4 5 6 8 10 14 16 | 16.0
Fighting       | 4 5 6 |  6.6
Armour         | 4 5 6 |  6.2
Shields        | 4 |  4.0
Invocations    | 3 5 |  5.4

Action                   |  1- 3 |  4- 6 |  7- 9 | 10-12 || total
-------------------------+-------+-------+-------+-------++-------
Melee: War axe           |   118 |    91 |   377 |    55 ||   641
       Morningstar       |       |       |     7 |       ||     7
Throw: Dart              |       |       |     7 |       ||     7
Invok: Convert to Beogh  |       |       |     1 |       ||     1
Evoke: Wand              |       |       |     4 |       ||     4
  Use: Scroll            |     1 |       |    19 |       ||    20
       Potion            |       |     1 |     7 |     1 ||     9
Armor: Scale mail        |    56 |    51 |   116 |       ||   223
       Acid dragon scale |       |       |     6 |    14 ||    20
Dodge: Dodged            |    44 |    43 |   152 |    14 ||   253
Block: Buckler           |    24 |    19 |    95 |    28 ||   166
       Reflection        |       |       |     6 |     5 ||    11
